 Dungeon Crawl Stone Soup version 0.27-a0-277-g024f7ef292 (webtiles) character file.

Game seed: 15246372585742348564

26 mobtown the Grave Robber (level 2, -2/15 HPs)
             Began as a Deep Elf Necromancer on Feb 6, 2021.
             Slain by Natasha (8 damage)
             ... on level 2 of the Dungeon.
             The game lasted 00:02:32 (1290 turns).

mobtown the Grave Robber (Deep Elf Necromancer)     Turns: 1290, Time: 00:02:32

Health: -2/15      AC:  2    Str:  5    XL:     2   Next: 89%
Magic:  3/8        EV: 13    Int: 19    God:
Gold:   37         SH:  0    Dex: 15    Spells: 6/7 levels left

rFire    . . .     SeeInvis .   e - +0 dagger
rCold    . . .     Faith    .   (no shield)
rNeg     . . .     Spirit   .   a - +0 robe
rPois    .         Reflect  .   (no helmet)
rElec    .         Harm     .   (no cloak)
rCorr    .         Rampage  .   (no gloves)
Will     .....                  (no boots)
Stlth    ++........             (no amulet)
HPRegen  0.05/turn              (no ring)
MPRegen  0.11/turn              (no ring)

@: slowed, very slow
A: no striking features
a: no special abilities


You were on level 2 of the Dungeon.
You visited 1 branch of the dungeon, and saw 2 of its levels.

You collected 37 gold pieces.

Inventory:

Hand Weapons
 e - a +0 dagger (weapon)
Missiles
 k - 22 stones
Armour
 a - a +0 robe (worn)
Scrolls
 h - a scroll of magic mapping {unknown}
 i - a scroll of teleportation {unknown}
 j - a scroll of immolation {unknown}
 m - 3 scrolls of identify {unknown}
Potions
 b - a potion of lignification {unknown}
 c - 2 potions of mutation {unknown}
 d - a potion of resistance {unknown}
 f - a potion of cancellation {unknown}
 g - a potion of brilliance {unknown}
 l - 2 potions of magic {unknown}


   Skills:
 + Level 2.6 Dodging
 + Level 2.4 Stealth
 + Level 3.3 Spellcasting
 * Level 5.7 Necromancy


You had 6 spell levels left.
You knew the following spells:

 Your Spells              Type           Power        Failure   Level
a - Pain                  Necr           96%          1%          1

Your spell library contained the following spells:

 Spells                   Type           Power        Failure   Level
 Animate Skeleton         Necr           48%          1%          1
 Vampiric Draining        Necr           12%          4%          3
 Animate Dead             Necr           12%          14%         4
 Agony                    Necr           24%          36%         5


Dungeon Overview and Level Annotations

Branches:
Dungeon (2/15)

Altars:

Annotations:
D:2 Natasha


Message History

Casting: Pain (safe; 1% risk of failure)
Confirm with . or Enter, or press ? or * to list all spells.
Aiming: Pain (safe; 1% risk of failure)
Press: ? - help, Shift-Dir - straight line, f/p - Natasha
Aim: Natasha (heavily wounded, chance to affect: 83%) Natasha writhes in agony.
Natasha barely misses you.
Casting: Pain (safe; 1% risk of failure)
Confirm with . or Enter, or press ? or * to list all spells.
Aiming: Pain (safe; 1% risk of failure)
Press: ? - help, Shift-Dir - straight line, f/p - Natasha
Aim: Natasha (heavily wounded, chance to affect: 83%) Natasha writhes in agony.
Natasha claws you. Natasha barely misses you.
Casting: Pain (safe; 1% risk of failure)
Confirm with . or Enter, or press ? or * to list all spells.
Aiming: Pain (safe; 1% risk of failure)
Press: ? - help, Shift-Dir - straight line, f/p - Natasha
Aim: Natasha (severely wounded, chance to affect: 83%) Natasha writhes in agony.
Natasha claws you!
Ouch! That really hurt!
You die...

# . #. ..
#.#########.#.
#.............
#..
.............
#.. #...#....#
#.. #..@h....#
#..####...#.##.#
#.........# ..
##.....##.# ..#
##.....##.# ...
#...<..##.# ..
#......##.# .
..........##.#
..............


You could see Natasha.

Vanquished Creatures
  An adder (D:2)
  A dart slug (D:1)
  2 bats (D:1)
  3 goblins (D:1)
  4 hobgoblins (D:1)
  A frilled lizard (D:1)
  2 rats (D:1)
14 creatures vanquished.

Notes
Turn   | Place    | Note
-------+----------+-------------------------------------------
     0 | D:1      | mobtown the Deep Elf Necromancer began the quest for the
                  | Orb.
     0 | D:1      | Reached XP level 1. HP: 10/10 MP: 6/6
     0 | D:1      | Noticed a tentacled monstrosity
     1 | D:1      | Noticed a black draconian
     3 | D:1      | Noticed a green draconian
     4 | D:1      | Noticed an iron dragon
     4 | D:1      | Noticed an orb of fire
     7 | D:1      | Noticed an orb of fire
     8 | D:1      | Noticed a large abomination
     9 | D:1      | Noticed a shadow dragon
    11 | D:1      | Noticed an ice dragon
    11 | D:1      | Noticed an iron dragon
    13 | D:1      | Noticed a tentacled monstrosity
    13 | D:1      | Noticed a shadow dragon
    15 | D:1      | Noticed a tentacled monstrosity
    15 | D:1      | Noticed a large abomination
    15 | D:1      | Noticed a large abomination
    17 | D:1      | Noticed a purple draconian
    17 | D:1      | Noticed an ice dragon
    19 | D:1      | Noticed a large abomination
    19 | D:1      | Noticed an iron dragon
    21 | D:1      | Noticed a tentacled monstrosity
   158 | D:1      | Reached skill level 5 in Necromancy
   244 | D:1      | Reached XP level 2. HP: 6/15 MP: 0/8
  1284 | D:2      | Noticed Natasha
  1290 | D:2      | Slain by Natasha

Illustrated notes

Levels and vault maps discovered:
D:1:      shiori_arrival_whats_in_store_for_you, layout_basic
D:2:      layout_basic, minitemple, kennysheep_potato, uniq_natasha

Skill      XL: |  1 |
---------------+----+-----
Necromancy     | 5 |  5.7
Dodging        | |  2.6
Stealth        | |  2.4
Spellcasting   | |  3.3

Action                   || total
-------------------------++-------
 Cast: Pain              ||    32
Dodge: Dodged            ||     5

Table legend: (Time is in decaauts)
 A = Elapsed time spent in this place.
 B = Non-inter-level travel time spent in this place.
 C = Inter-level travel time spent in this place.
 D = Time resting spent in this place.
 E = Time spent auto-exploring this place.
 F = Levels seen in this place.
 G = Mean time per level.
                   A        B        C        D        E       F      G
               +--------+--------+--------+--------+--------+-----+--------+
         Total |   1291 |   1291 |      0 |     68 |   1121 |   2 |  645.5 |
       Dungeon |   1291 |   1291 |      0 |     68 |   1121 |   2 |  645.5 |
               +--------+--------+--------+--------+--------+-----+--------+

Top non-repeatable levels by time:
     D:1: 1246 daAuts
     D:2: 45 daAuts
